 Dungeon Crawl Stone Soup version 0.30.1-3-gfc49f6343a (webtiles) character file.

Game seed: 67743266532632470

28 cbfl8 the Shield-Bearer (level 3, -1/16 HPs)
             Began as a Meteoran Fighter on July 20, 2023.
             Killed from afar by Sigmund (5 damage)
             ... with a puff of flame
             ... on level 2 of the Dungeon.
             The game lasted 00:02:01 (1020 turns).

cbfl8 the Shield-Bearer (Meteoran Fighter)          Turns: 1020, Time: 00:02:01

Health: -1/16      AC:  9    Str: 17    XL:     3   Next: 50%
Magic:  4/4        EV:  7    Int: 10    God:
Gold:   74         SH:  5    Dex: 15    Spells: 2/2 levels left

rFire   . . .        a - +0 flail
rCold   . . .        c - +0 buckler
rNeg    + . .        e - +0 chain mail
rPois   .            (no helmet)
rElec   .            (no cloak)
rCorr   .            (no gloves)
SInv    .            (no boots)
Will    .....        (no amulet) Stlth
                     l - ring of positive energy
HPRegen 0.22/turn    (no ring)
MPRegen 0.09/turn

%: no passive effects
@: glowing
A: sense surroundings 1, otherworldly, glowing, explore regen
a: no special abilities


You were on level 2 of the Dungeon.
You visited 1 branch of the dungeon, and saw 2 of its levels.

You collected 74 gold pieces.

Inventory:

Hand Weapons
 a - a +0 flail (weapon)
Armour
 c - a +0 buckler (worn)
 e - a +0 chain mail (worn)
Jewellery
 l - a ring of positive energy (left hand)
Scrolls
 b - a scroll of enchant armour {unknown}
 f - a scroll of brand weapon {unknown}
 g - a scroll of immolation {unknown}
 h - a scroll of identify {unknown}
 j - a scroll of amnesia {unknown}
 m - a scroll of fear {unknown}
 n - a scroll of magic mapping {unknown}
Potions
 d - 2 potions of might
 i - 2 potions of resistance {unknown}
 k - a potion of experience {unknown}
 o - a potion of curing {unknown}


   Skills:
 + Level 3.7 Fighting
 + Level 3.4 Maces & Flails
 + Level 3.8 Armour
 + Level 0.6 Dodging
 + Level 3.8 Shields
 * Level 0.8 Evocations


You had 2 spell levels left.
You didn't know any spells.
Your spell library was empty.

Dungeon Overview and Level Annotations

Branches:
Dungeon (2/15) Zot: 557

Altars:

Annotations:
D:2 Sigmund


Innate Abilities, Weirdness & Mutations

You passively map a small area around you.
You are easily found by Zot.
You glow in the dark.
You regain HP and MP as you explore.


Message History

Key pressed, stopping explore.
No target in view!
o - an orange potion No target in view!
You open the door.
There is an open door here.
Found a stone staircase leading up.
No target in view!
There is a stone staircase leading up here.
Sigmund the Dreaded comes into view.
He is wielding a +0 scythe.
Found 12 gold pieces.
Sigmund shouts!
Sigmund is nearby!
Sigmund mumbles some strange words.
Sigmund flickers and vanishes!
Deactivating autopickup; reactivate with Ctrl-A.
There is a strange disturbance nearby!
No target in view!
There is a strange disturbance nearby!
No target in view!
No target in view!
Something hits you but does no damage.
You see here 12 gold pieces.
You hit something. You block something's attack.
You barely miss something. Something hits you.
You hit something. Something hits you but does no damage.
You barely miss something. Something hits you.
You hit something. Something hits you but does no damage.
You miss something. Something hits you.
You barely miss something. You barely miss something.
Something hits you but does no damage.
You barely miss something. Something hits you.
* * * LOW HITPOINT WARNING * * *
You closely miss something. Something hits you but does no damage.
You hit something. Something hits you but does no damage.
You hit something.
You hear some strange, mumbled words.
A puff of flame appears from out of thin air!
The puff of flame hits you.
You die...

#.......'.#.#.#
,,#. *
#.......###...#
,, , #.#######
##*## , , #.# ,
, , * #.#* *
#<#, , , , #.#
* *, *
#.##########.*,
#...$@{...... *
#############


There were no monsters in sight!

Vanquished Creatures
  A dart slug (D:1)
  3 giant cockroaches (D:1)
  2 goblins (D:1)
  3 hobgoblins (D:1)
  A quokka (D:1)
  3 ball pythons (D:1)
  2 bats (D:1)
  2 frilled lizards (D:1)
  6 kobolds (D:1)
  2 rats (D:1)
25 creatures vanquished.

Notes
Turn   | Place    | Note
-------+----------+-------------------------------------------
     0 | D:1      | cbfl8 the Meteoran Fighter began the quest for the Orb.
     0 | D:1      | Reached XP level 1. HP: 19/19 MP: 2/2
    66 | D:1      | Reached XP level 2. HP: 13/26 MP: 3/3
   189 | D:1      | Reached XP level 3. HP: 33/33 MP: 4/4
   481 | D:1      | Glimpsed the power of Zot.
   531 | D:1      | Glimpsed the power of Zot.
   571 | D:1      | Glimpsed the power of Zot.
   581 | D:1      | Touched by the power of Zot.
   682 | D:1      | Glimpsed the power of Zot.
   731 | D:1      | Glimpsed the power of Zot.
   771 | D:1      | Glimpsed the power of Zot.
   781 | D:1      | Touched by the power of Zot.
   882 | D:1      | Glimpsed the power of Zot.
   932 | D:1      | Glimpsed the power of Zot.
   965 | D:2      | Found a faded altar of an unknown god.
  1004 | D:2      | Noticed Sigmund
  1020 | D:2      | Killed from afar by Sigmund

Illustrated notes

Levels and vault maps discovered:
D:1:      dpeg_arrival_rooms_b, layout_basic
D:2:      layout_basic, hellmonk_ecumenical_altar_pennies_from_heaven,
          chequers_jeans, uniq_crazy_yiuf_cottage, uniq_jessica, uniq_sigmund

Skill      XL: |  1  2 |
---------------+-------+-----
Maces & Flails | 3 |  3.4
Fighting       | |  3.7
Armour         | |  3.8
Dodging        | |  0.6
Shields        | |  3.8
Evocations     | |  0.8

Action                     || total
---------------------------++-------
  Melee: Flail             ||    82
 Armour: Chain mail        ||    51
  Dodge: Dodged            ||    31
  Block: Buckler           ||    18
